 Dungeon Crawl Stone Soup version 0.27.1-4-g1640c2035a (webtiles) character file.

Game seed: 10331902289851682595

3795 zeram the Basher (level 9, -8/74 HPs)
             Began as a Troll Necromancer on Nov 10, 2021.
             Was an Initiate of Gozag.
             Mangled by a seven-headed hydra (12 damage)
             ... on level 1 of the Lair of Beasts.
             The game lasted 00:22:42 (7504 turns).

zeram the Basher (Troll Necromancer)                Turns: 7504, Time: 00:22:44

Health: -8/74      AC:  6    Str: 18    XL:     9   Next: 96%
Magic:  9/9        EV: 19    Int: 14    God:    Gozag
Gold:   611        SH:  0    Dex: 10    Spells: 6/10 levels left

rFire    . . .     SeeInvis .   r - +3 giant spiked club
rCold    . . .     Faith    .   (shield currently unavailable)
rNeg     . . .     Spirit   .   a - +0 robe
rPois    .         Reflect  .   j - +2 hat
rElec    .         Harm     .   (no cloak)
rCorr    .         Rampage  .   (gloves unavailable)
Will     .....                  (boots unavailable)
Stlth    +.........             (no amulet)
HPRegen  1.22/turn              l - +4 ring of evasion
MPRegen  0.11/turn              m - +4 ring of evasion

@: hasted, very quick
A: large, unfitting armour, claws 3, regeneration 1, shaggy fur 1, tough skin 1
a: Renounce Religion, Potion Petition, Call Merchant, Bribe Branch


You were on level 1 of the Lair of Beasts.
You worshipped Gozag.
Gozag was pleased with you.
You visited 3 branches of the dungeon, and saw 10 of its levels.

You collected 746 gold pieces.
You paid 135 gold pieces to Gozag.

Inventory:

Hand Weapons
 c - a +0 mace
 r - a +3 giant spiked club (weapon)
 w - a +1 mace
 x - a +4 dire flail of freezing
Missiles
 f - a throwing net
 k - 9 poisoned darts
Armour
 a - a +0 robe (worn)
 j - a +2 hat (worn)
Magical Staves
 o - a staff of earth
 s - a staff of fire
 y - a staff of death
Jewellery
 g - a ring of willpower
 h - an amulet of faith
 l - a +4 ring of evasion (left claw)
 m - a +4 ring of evasion (right claw)
 t - an amulet of guardian spirit
Wands
 d - a wand of mindburst (2)
 A - a wand of polymorph (9)
 D - a wand of acid (12)
Scrolls
 n - 2 scrolls of amnesia
 q - 3 scrolls of fog
Potions
 b - 2 potions of curing
 e - 2 potions of brilliance
 i - a potion of flight {unknown}
 u - a potion of attraction
 v - a potion of cancellation
 z - a potion of magic {unknown}


   Skills:
 + Level 9.4 Maces & Flails
 + Level 7.1 Dodging
 - Level 1.0 Stealth
 - Level 1.2 Spellcasting
 * Level 5.7 Necromancy


You had 6 spell levels left.
You knew the following spells:

 Your Spells              Type           Power      Damage    Failure   Level
a - Pain                  Necr           64%        1d7       2%          1
b - Vampiric Draining     Necr           8%         2d7       8%          3

Your spell library contained the following spells:

 Spells                   Type           Power      Damage    Failure   Level
 Animate Skeleton         Necr           32%        N/A       2%          1
 Animate Dead             Necr           8%         N/A       24%         4
 Agony                    Necr           16%        N/A       56%         5
 Tukima's Dance           Hex            0%         N/A       61%         3
 Passage of Golubria      Tloc           N/A        N/A       95%         4
 Iskenderun's Battlesphe  Conj           0%         2d6       100%        5
 Yara's Violent Unravell  Hex/Tmut       0%         3d3       100%        5
 Iron Shot                Conj/Erth      0%         9d1       100%        6
 Spellforged Servitor     Conj/Summ      0%         N/A       100%        7


Dungeon Overview and Level Annotations

Branches:
Dungeon (8/15)             Temple (1/1) D:7            Lair (1/6) D:8

Altars:
Cheibriados
Dithmenos
Elyvilon
Gozag
Hepliaklqana
Makhleb
Nemelex Xobeh
Okawaru
Qazlal
Sif Muna
Trog
Uskayaw
Vehumet
Wu Jian
Xom
Zin
The Shining One


Innate Abilities, Weirdness & Mutations

You are too large for most types of armour.
You have claws for hands.
Your natural rate of healing is unusually fast.
You are covered in fur. (AC +1)
You have tough skin. (AC +1)


Message History

The seven-headed hydra bites you.
The seven-headed hydra completely misses you.
The seven-headed hydra bites you but does no damage.
The seven-headed hydra closely misses you.
The seven-headed hydra bites you. The seven-headed hydra bites you!
The seven-headed hydra barely misses you.
The seven-headed hydra bites you!
* * * LOW HITPOINT WARNING * * *
You see here 15 gold pieces.
Blink to where?
Press: ? - help, Dir - move target
As you read the scroll of blinking, it crumbles to dust.
There is a staircase back to the Dungeon here.
You climb upwards.
Welcome back to the Dungeon!
There is a staircase to the Lair here.
You start resting.
HP restored.
You climb downwards.
Welcome back to the Lair of Beasts!
The seven-headed hydra misses you. The seven-headed hydra bites you!
The seven-headed hydra closely misses you.
The seven-headed hydra misses you. The seven-headed hydra bites you.
The seven-headed hydra bites you!
The seven-headed hydra completely misses you.
The seven-headed hydra bites you. The seven-headed hydra bites you!
The seven-headed hydra misses you. The seven-headed hydra bites you!
* * * LOW HITPOINT WARNING * * *
The seven-headed hydra barely misses you.
The seven-headed hydra bites you but does no damage.
The seven-headed hydra bites you!
* * * LOW HITPOINT WARNING * * *
There is a staircase back to the Dungeon, spattered with blood here.
Okay, then.
Okay, then.
You feel yourself speed up.
The seven-headed hydra closely misses you.
The seven-headed hydra misses you. The seven-headed hydra bites you.
* * * LOW HITPOINT WARNING * * *
The seven-headed hydra bites you!
You die...
Your body crumbles into a pile of gold.

.ยง..D...#
#......#
...#..###
#..##.##
#..####
#####.# ##.P
#..# #.##
###.# #..
####...# #.#
##..#.+#####
###
#...D......#
#....@.....+
#............
+............
#..........##
#####.##+###
###


You could see a seven-headed hydra.

Vanquished Creatures
  An unseen horror (D:7)
  A komodo dragon (D:8)
  3 yaks (D:8)
  Eustachio (D:4)
  An acid dragon (D:7)
  Duvessa (D:6)
  2 water moccasins (D:8)
  Purgy (D:3)
  A black bear (D:6)
  An ice beast (D:6)
  An orc warrior (D:7)
  An ogre (D:7)
  A necrophage (D:7)
  3 centaurs
  2 bullfrogs
  2 scorpions (D:5)
  A water moccasin skeleton (D:6)
  Dowan (D:6)
  6 killer bees (D:8)
  A howler monkey (D:5)
  3 wights
  2 centaur zombies
  2 hounds
  2 centaur skeletons
  2 jellies
  A bullfrog skeleton (D:5)
  6 iguanas
  Ijyb (D:2)
  2 orc wizards (D:8)
  2 hound skeletons (D:5)
  Robin (D:4)
  A howler monkey zombie (D:4)
  5 adders
  2 white imps
  2 ufetubi
  3 adder skeletons
  A worm (D:3)
  A dart slug (D:3)
  12 orcs
  3 ball pythons (D:1)
  6 bats
  7 endoplasms
  3 giant cockroaches
  9 goblins
  6 hobgoblins
  10 jackals
  9 kobolds
  9 quokkas
  5 frilled lizards
  3 rats (D:1)
153 creatures vanquished.

Vanquished Creatures (others)
  A goblin (D:2)
  41 plants
42 creatures vanquished.

Grand Total: 195 creatures vanquished

Notes
Turn   | Place    | Note
-------+----------+-------------------------------------------
     0 | D:1      | zeram the Troll Necromancer began the quest for the Orb.
     0 | D:1      | Reached XP level 1. HP: 16/16 MP: 1/1
   222 | D:1      | Reached XP level 2. HP: 24/24 MP: 2/2
   705 | D:2      | Reached XP level 3. HP: 7/31 MP: 1/3
   736 | D:2      | Learned a level 3 spell: Vampiric Draining
  1047 | D:2      | Found a hazy altar of Hepliaklqana.
  1114 | D:2      | Noticed Ijyb
  1140 | D:2      | Killed Ijyb
  1141 | D:2      | Reached skill level 1 in Maces & Flails
  1141 | D:2      | Reached XP level 4. HP: 6/39 MP: 0/4
  1983 | D:3      | Reached skill level 2 in Maces & Flails
  2470 | D:4      | Reached XP level 5. HP: 43/45 MP: 5/5
  2475 | D:4      | Noticed Eustachio
  2483 | D:4      | Identified the +0 mace "Elasaih" {chaos, Str+3}
  2681 | D:4      | Noticed Purgy
  3027 | D:3      | Killed Purgy
  3028 | D:3      | Reached skill level 3 in Maces & Flails
  3028 | D:3      | Reached XP level 6. HP: 31/53 MP: 6/6
  3354 | D:4      | Killed Eustachio
  3521 | D:4      | Reached skill level 4 in Maces & Flails
  3712 | D:4      | Noticed Robin
  3729 | D:4      | Killed Robin
  3732 | D:4      | Reached XP level 7. HP: 55/59 MP: 7/7
  3787 | D:5      | Entered Level 5 of the Dungeon
  3997 | D:5      | Identified the +0 ring mail of the Monkey's Uncle {rPois
                  | Int+3}
  4156 | D:5      | Reached skill level 5 in Maces & Flails
  4266 | D:5      | Reached skill level 5 in Dodging
  4958 | D:5      | Reached XP level 8. HP: 48/66 MP: 8/8
  5092 | D:6      | Reached skill level 6 in Maces & Flails
  5196 | D:6      | Noticed Dowan
  5197 | D:6      | Noticed Duvessa
  5202 | D:6      | Killed Dowan
  5213 | D:6      | HP: 1/67 [Duvessa (7)]
  5214 | D:6      | Killed Duvessa
  5650 | D:7      | Found a staircase to the Ecumenical Temple.
  5694 | Temple   | Entered the Ecumenical Temple
  5872 | Temple   | Became a worshipper of Gozag Ym Sagoz the Greedy
  5936 | D:7      | Reached skill level 7 in Maces & Flails
  6247 | D:7      | Identified the +5 short sword "Earthworm" {vorpal, rF+
                  | Str+2}
  6255 | D:7      | Reached XP level 9. HP: 74/74 MP: 9/9
  6477 | D:7      | HP: 3/74 [orc warrior (23)]
  6708 | D:8      | Reached skill level 8 in Maces & Flails
  6708 | D:8      | Reached skill level 5 in Necromancy
  6708 | D:8      | Noticed a komodo dragon
  6773 | D:8      | Killed a komodo dragon
  6774 | D:8      | Reached skill level 9 in Maces & Flails
  7165 | D:7      | Killed an unseen horror
  7408 | D:8      | Found a staircase to the Lair.
  7420 | Lair:1   | Entered Level 1 of the Lair of Beasts
  7447 | Lair:1   | Noticed a seven-headed hydra
  7504 | Lair:1   | Mangled by a seven-headed hydra

Illustrated notes

Levels and vault maps discovered:
D:1:      onia_arrival_mini_spirals, layout_loops_ring, minmay_distorted
D:2:      kennysheep_the_goblin_king, layout_basic, basic_altar
D:3:      layout_loops_corners
D:4:      layout_loops_ring, corexii_shack, uniq_eustachio, uniq_purgy,
          uniq_robin
D:5:      layout_loops_corners, grunt_ministairs_1
D:6:      layout_gridville, uniq_duvessa
D:7:      layout_basic, minmay_temple_entry_slanted, minmay_starry_boxes
D:8:      layout_rooms, david_lair_shrubbed
Temple:   eino_temple_rhombus
Lair:1:   layout_roguey, st_stairs_3, beast_lair_carwin_6, serial_bayou_shore_b,
          uniq_grum, uniq_nergalle

Skill      XL: |  1  2  3  4  5  6  7  8  9 |
---------------+----------------------------+-----
Dodging        | 2 3 4 5 6 7 |  7.1
Maces & Flails | 1 2 3 4 5 7 9 |  9.4
Necromancy     | 4 5 |  5.7
Stealth        | |  1.0
Spellcasting   | |  1.2

Action                   |  1- 3 |  4- 6 |  7- 9 || total
-------------------------+-------+-------+-------++-------
Melee: Unarmed           |    18 |       |       ||    18
       Mace              |   104 |   320 |   189 ||   613
       Dire flail        |       |       |    73 ||    73
       Giant spiked club |       |       |   171 ||   171
 Cast: Vampiric Draining |     1 |       |     1 ||     2
       Pain              |       |     1 |     9 ||    10
  Use: Scroll            |     4 |     6 |    14 ||    24
       Potion            |     1 |     3 |     7 ||    11
 Stab: Sleeping          |     1 |     2 |     1 ||     4
       Distracted        |       |       |     3 ||     3
Armor: Robe              |   105 |   222 |   109 ||   436
       Skin              |       |       |    60 ||    60
Dodge: Dodged            |   126 |   526 |   525 ||  1177
